 Dungeon Crawl Stone Soup version 0.31.0-12-g77e489cdc1 (webtiles) character file.

Game seed: 1962156642970104182

70 Gadfly the Insei (level 4, 23/36 HPs)
             Began as a Demonspawn Monk on Feb 13, 2024.
             Quit the game on level 2 of the Dungeon.
             The game lasted 00:02:45 (1423 turns).

Gadfly the Insei (Demonspawn Monk)                  Turns: 1423, Time: 00:02:45

Health: 23/36      AC:  3    Str: 13    XL:     4   Next: 3%
Magic:  4/4        EV: 13    Int: 11    God:
Gold:   0          SH:  0    Dex: 15    Spells: 3/3 levels left

rFire   . . .        b - +2 dagger (freeze)
rCold   . . .        c - orb {light}
rNeg    . . .        d - +0 robe
rPois   .            (no helmet)
rElec   .            (no cloak)
rCorr   .            (no gloves)
SInv    .            (no boots)
Will    .....        (no amulet)
Stlth   +            (no ring)
HPRegen 0.26/turn    (no ring)
MPRegen 0.09/turn

%: no passive effects
@: glowing
A: rugged brown scales 1, ignite blood 1, powered by pain 1
a: no special abilities


You were on level 2 of the Dungeon.
You visited 1 branch of the dungeon, and saw 2 of its levels.

Inventory:

Hand Weapons
 b - a +2 dagger of freezing (weapon)
 h - a +2 antimagic hand axe
Armour
 c - an orb of light (worn)
 d - a +0 robe (worn)
Scrolls
 e - a scroll of teleportation
Potions
 f - 2 potions of ambrosia
 g - 3 potions of curing {unknown}


   Skills:
 - Level 3.0 Fighting
 + Level 2.9 Dodging
 * Level 3.2 Unarmed Combat
 * Level 1.9 Evocations
 * Level 1.5 Shapeshifting


You had 3 spell levels left.
You didn't know any spells.
Your spell library contained the following spells:

 Spells                   Type           Power      Damage    Failure   Level
 Shock                    Conj/Air       0%         1d3       34%         1
 Swiftness                Air            0%         N/A       71%         3
 Airstrike                Air            0%         2d(0-16)  98%         4


Dungeon Overview and Level Annotations

Branches:
Dungeon (2/15)

Altars:


Innate Abilities, Weirdness & Mutations

You are partially covered in rugged brown scales. (AC +1, +3% HP)
Your demonic aura sometimes causes spilled blood to erupt in flames.
You sometimes gain a little power by taking damage.


Message History

No target in view!
No target in view!
No target in view!
Okay, then.
You see here a hobgoblin corpse.
Found an escape hatch in the ceiling.
An adder comes into view.
The adder hisses angrily.
An adder is nearby!
The adder bites you but does no damage.
You barely miss the adder. The adder bites you.
You hit the adder but do no damage. The adder closely misses you.
You hit the adder but do no damage. The adder barely misses you.
The adder closely misses you.
You hit the adder but do no damage. The adder bites you but does no damage.
You closely miss the adder. The adder bites you.
An adder is nearby!
An adder is nearby!
You hit the adder but do no damage. The adder bites you.
The adder completely misses you.
You hit the adder.
The adder seems to slow down.
You freeze the adder.
The adder is moderately wounded.
The adder bites you.
You hit the adder but do no damage.
The adder is moderately wounded.
An adder is nearby!
You hit the adder. You freeze the adder.
The adder is heavily wounded.
The adder bites you.
An adder is nearby!
You hit the adder but do no damage.
The adder is heavily wounded.
The adder is no longer moving slowly.
The adder bites you but does no damage.
An adder is nearby!
You hit the adder.
The adder seems to slow down.
You freeze the adder.
You kill the adder!
You have reached level 4!
You feel clever.
Your demonic ancestry asserts itself...
You feel energised by your suffering.
Are you sure you want to abandon this character and quit the game? (Confirm with "yes".)

#....#######..###########
.....# ##..###.<.....
.....# ##...........
....## ######...##.......
.....###.................
.........#####.##########
..........## #...#
....†.....<#####.###
............# #.@..#
............# #....#
.....<......# #....#
....######### .....#
..[...# .#....# ......#
#.#....# ....#8# # .....#
#.#.### .....# #...#


There were no monsters in sight!

Vanquished Creatures
  Jessica (D:2)
  An adder (D:2)
  A dart slug (D:1)
  4 bats
  3 endoplasms (D:1)
  2 goblins (D:1)
  4 hobgoblins
  3 ball pythons (D:1)
  2 frilled lizards
  6 kobolds (D:1)
  8 rats
35 creatures vanquished.

Notes
Turn   | Place    | Note
-------+----------+-------------------------------------------
     0 | D:1      | Gadfly the Demonspawn Monk began the quest for the Orb.
     0 | D:1      | Reached XP level 1. HP: 18/18 MP: 1/1
    76 | D:1      | Gained mutation: You are partially covered in rugged brown
                  | scales. (AC +1, +3% HP) [demonic ancestry]
    76 | D:1      | Reached XP level 2. HP: 6/24 MP: 2/2
   546 | D:1      | Reached skill level 1 in Evocations
   551 | D:1      | Reached skill level 1 in Shapeshifting
  1104 | D:1      | Gained mutation: Your demonic aura sometimes causes spilled
                  | blood to erupt in flames. [demonic ancestry]
  1104 | D:1      | Reached XP level 3. HP: 28/29 MP: 3/3
  1233 | D:2      | Noticed Jessica
  1252 | D:2      | Killed Jessica
  1423 | D:2      | Gained mutation: You sometimes gain a little power by
                  | taking damage. [demonic ancestry]
  1423 | D:2      | Reached XP level 4. HP: 23/36 MP: 4/4
  1423 | D:2      | Quit the game

Illustrated notes

Levels and vault maps discovered:
D:1:      saegor_arrival_simple_a, layout_basic, dreamdust_princess_bridge,
          corexii_hall_statues_i, minmay_misc_feat_rows, nrook_campfire,
          solitary_fountain
D:2:      minmay_general_purpose_star, layout_rooms,
          shapermc_ecumenical_altar_mp_vishouse, uniq_jessica, uniq_natasha

Skill      XL: |  1  2 |
---------------+-------+-----
Evocations     | 1 |  1.9
Shapeshifting  | 1 |  1.5
Unarmed Combat | 3 |  3.2
Fighting       | |  3.0
Dodging        | |  2.9

Action                     |  1- 3 |  4- 6 || total
---------------------------+-------+-------++-------
  Melee: Unarmed           |    53 |       ||    53
         Dagger            |    53 |       ||    53
    Use: Scroll            |     2 |       ||     2
 Armour: Robe              |    51 |       ||    51
  Dodge: Dodged            |    55 |       ||    55
